 Dungeon Crawl Stone Soup version 0.30-a0-347-gf58ed5266c (webtiles) character file.

Game seed: 2650639203122106864

487 timneilson the Shield-Bearer (level 7, -2/44 HPs)
             Began as a Gargoyle Fighter on Nov 7, 2022.
             Slain by a wight
             ... wielding a +0 flail
              (9 damage)
             ... on level 3 of the Dungeon.
             The game lasted 00:05:35 (2977 turns).

timneilson the Shield-Bearer (Gargoyle Fighter)     Turns: 2977, Time: 00:05:35

Health: -2/44      AC: 16    Str: 21 (22) XL:     7   Next: 13%
Magic:  7/7        EV:  7    Int:  5 (8)  God:
Gold:   233        SH:  5    Dex:  7 (9)  Spells: 6/6 levels left

rFire   . . .      SeeInvis .    a - +0 long sword
rCold   . . .      Faith    .    c - +1 buckler
rNeg    + . .      Spirit   .    k - +0 chain mail
rPois   ∞          Reflect  .    (no helmet)
rElec   +          Harm     .    i - +1 cloak
rCorr   .          Rampage  .    (no gloves)
Will    .....                    (no boots)
Stlth   ..........               (no amulet)
HPRegen 0.27/turn                (no ring)
MPRegen 0.10/turn                (no ring)

@: no status effects
A: sickness immunity, AC +4, negative energy resistance 1, electricity
resistance, torment resistance 1, petrification resistance
a: no special abilities


You were on level 3 of the Dungeon.
You visited 1 branch of the dungeon, and saw 4 of its levels.

You collected 233 gold pieces.

Inventory:

Hand Weapons
 a - a +0 long sword (weapon)
Armour
 c - a +1 buckler (worn)
 h - a +2 pair of gloves of infusion
 i - a +1 cloak (worn)
 k - a +0 chain mail (worn)
Wands
 f - a wand of polymorph (8)
 g - a wand of digging (4)
 l - a wand of paralysis (4)
Scrolls
 e - a scroll of teleportation
Potions
 b - a potion of attraction
 j - a potion of brilliance


   Skills:
 + Level 4.3 Fighting
 * Level 3.5 Long Blades
 * Level 5.1 Armour
 + Level 1.6 Dodging
 * Level 5.1 Shields
 + Level 0.6 Evocations


You had 6 spell levels left.
You didn't know any spells.
Your spell library contained the following spells:

 Spells                   Type           Power      Damage    Failure   Level
 Foxfire                  Conj/Fire      0%         2x1d4     99%         1
 Fireball                 Conj/Fire      0%         3d3       100%        5
 Starburst                Conj/Fire      0%         6d3       100%        6


Dungeon Overview and Level Annotations

Branches:
Dungeon (4/15)
 Temple: D:4-7

Altars:


Innate Abilities, Weirdness & Mutations

You are immune to sickness and miasma.
Your stone body is resilient. (AC +4)
You are immune to poison.
You resist negative energy. (rN+)
You are resistant to electric shocks. (rElec)
You are resistant to unholy torment.
You are immune to petrification.


Message History

The wight hits you from afar with a +2 halberd!
You are too injured to fight recklessly!
You are too injured to fight recklessly!
You are too injured to fight recklessly!
You are too injured to fight recklessly!
You are too injured to fight recklessly!
You are too injured to fight recklessly!
You are too injured to fight recklessly!
You are too injured to fight recklessly!
You are too injured to fight recklessly!
You are too injured to fight recklessly!
You are too injured to fight recklessly!
You are too injured to fight recklessly!
You are too injured to fight recklessly!
You are too injured to fight recklessly!
You are too injured to fight recklessly!
You are too injured to fight recklessly!
Unknown command.
The wight attacks as you move away! The wight barely misses you.
The wight attacks as you move away! The wight hits you with a +0 flail.
The wight attacks as you move away! You block the wight's attack.
The wight attacks as you move away! The wight hits you but does no damage.
The wight attacks as you move away! The wight hits you with a +0 flail.
* * * LOW HITPOINT WARNING * * *
The wight attacks as you move away! The wight hits you with a +0 flail!
* * * LOW HITPOINT WARNING * * *
The wight attacks as you move away! You block the wight's attack.
The wight attacks as you move away! The wight hits you with a +0 flail.
* * * LOW HITPOINT WARNING * * *
The wight attacks as you move away! The wight barely misses you.
The wight attacks as you move away! You block the wight's attack.
The wight attacks as you move away! The wight hits you but does no damage.
There is a stone staircase leading up here.
The wight misses you. The wight barely misses you.
You climb upwards.
There is a stone staircase leading down here.
You closely miss the wight.
The wight is moderately damaged.
The wight hits you with a +0 flail!
You die...

#............).....###.....#
#.............#...###..#####
##............##.###....########
..............##.....#.#.......#
####..>.......#..#####.#.......#
#####.........#..# #.........#
.÷..........(.#..# ##..###.####
#####..........z.####...# #..#
####...........#@......## ##.#
..............##.##....# #.#
..............#..#..#### #.#
.............#.....## #.#
#.##......##.....>..########.###
..#######.####........##.......#
....# #<###.........##.......#
###.###
#.).#..................## #
#...# ###.#.#..)..###.........#


You could see a wight.

Vanquished Creatures
  Sigmund (D:3)
  A hound (D:3)
  Terence (D:2)
  Natasha (thrice) (D:3)
  4 gnolls (D:3)
  6 adders
  3 worms
  2 dart slugs
  4 orcs
  3 bats
  10 endoplasms
  A giant cockroach (D:3)
  9 hobgoblins
  16 jackals
  6 kobolds
  6 quokkas
  4 ball pythons
  2 frilled lizards (D:1)
  8 rats
90 creatures vanquished.

Vanquished Creatures (others)
  2 demonic plants (D:2)
2 creatures vanquished.

Grand Total: 92 creatures vanquished

Notes
Turn   | Place    | Note
-------+----------+-------------------------------------------
     0 | D:1      | timneilson the Gargoyle Fighter began the quest for the
                  | Orb.
     0 | D:1      | Reached XP level 1. HP: 14/14 MP: 1/1
   159 | D:1      | Reached XP level 2. HP: 17/19 MP: 2/2
   356 | D:1      | Reached XP level 3. HP: 21/23 MP: 3/3
   939 | D:2      | Reached XP level 4. HP: 24/28 MP: 4/4
  1410 | D:2      | Found a faded altar of an unknown god.
  1410 | D:2      | Noticed a sixfirhy
  1742 | D:3      | Noticed Terence
  1755 | D:2      | Killed Terence
  1756 | D:2      | Reached skill level 1 in Dodging
  1756 | D:2      | Reached XP level 5. HP: 22/33 MP: 5/5
  1938 | D:3      | Noticed Natasha
  1976 | D:3      | Killed Natasha
  2049 | D:3      | Noticed Sigmund
  2076 | D:3      | HP: 1/33 [gnoll/+0 club (3)]
  2077 | D:3      | Killed Sigmund
  2078 | D:3      | Reached XP level 6. HP: 2/38 MP: 6/6
  2340 | D:3      | Noticed Natasha
  2353 | D:3      | Killed Natasha
  2372 | D:3      | Reached skill level 5 in Armour
  2372 | D:3      | Reached skill level 5 in Shields
  2504 | D:3      | Noticed Natasha
  2525 | D:3      | Killed Natasha
  2526 | D:3      | Reached XP level 7. HP: 34/43 MP: 7/7
  2977 | D:3      | Slain by a wight

Illustrated notes

Levels and vault maps discovered:
D:1:      arrival_zaba_pyramid, layout_loops_ring
D:2:      layout_loops_ring, dreamdust_ecumenical_altar_sealed_demon,
          nicolae_concentric_dashed_squares_mild
D:3:      layout_rooms, uniq_natasha, uniq_terence, uniq_sigmund
D:4:      layout_cave_pods, uniq_edmund, uniq_eustachio

Skill      XL: |  1  2  3  4  5  6 |
---------------+-------------------+-----
Long Blades    | 2 3 |  3.5
Shields        | 4 5 |  5.1
Armour         | 4 5 |  5.1
Dodging        | 1 |  1.6
Fighting       | 4 |  4.3
Evocations     | |  0.6

Action                   |  1- 3 |  4- 6 |  7- 9 || total
-------------------------+-------+-------+-------++-------
Melee: Long sword        |   109 |   267 |    43 ||   419
  Use: Scroll            |     4 |     1 |     2 ||     7
       Potion            |       |     5 |       ||     5
Armor: Scale mail        |    60 |    71 |       ||   131
       Chain mail        |       |   176 |    39 ||   215
Dodge: Dodged            |    42 |   150 |    22 ||   214
Block: Buckler           |    24 |   105 |    28 ||   157

Table legend: (Time is in decaauts)
 A = Elapsed time spent in this place.
 B = Non-inter-level travel time spent in this place.
 C = Inter-level travel time spent in this place.
 D = Time resting spent in this place.
 E = Time spent auto-exploring this place.
 F = Levels seen in this place.
 G = Mean time per level.
                   A        B        C        D        E       F      G
               +--------+--------+--------+--------+--------+-----+--------+
         Total |   3145 |   3096 |     49 |    285 |   1847 |   4 |  786.2 |
       Dungeon |   3145 |   3096 |     49 |    285 |   1847 |   4 |  786.2 |
               +--------+--------+--------+--------+--------+-----+--------+

Top non-repeatable levels by time:
     D:2: 1128 daAuts
     D:3: 996 daAuts
     D:1: 870 daAuts
     D:4: 150 daAuts
